 Dungeon Crawl Stone Soup version 0.23.0 (webtiles) character file.

Game seed: 4127041943397979307

673 alja1234 the Chiller (level 7, -3/46 HPs)
             Began as a Barachi Ice Elementalist on Feb 18, 2019.
             Slain by a gnoll
             ... wielding a +0 halberd
              (14 damage)
             ... on level 6 of the Dungeon.
             The game lasted 00:25:09 (6814 turns).

alja1234 the Chiller (Barachi Ice Elementalist)     Turns: 6814, Time: 00:25:10

Health: -3/46      AC:  5    Str:  9    XL:     7   Next: 59%
Magic:  9/13       EV: 12    Int: 17    God:
Gold:   322        SH:  0    Dex: 13    Spells: 7/14 levels left

rFire    . . .     SeeInvis .   t - +2 dagger (speed)
rCold    . . .     Gourm    .   (no shield)
rNeg     . . .     Faith    .   a - +0 robe
rPois    +         Spirit   .   f - +0 helmet
rElec    .         Reflect  .   g - +1 cloak {rPois}
rCorr    .         Harm     .   (no gloves)
MR       .....                  (no boots)
Stlth    +++.......             (no amulet)
HPRegen  0.15/turn              j - ring of stealth
MPRegen  0.13/turn              (no ring)

@: slow
A: +LOS, swims, slowness 1, strong legs 1
a: Hop


You were on level 6 of the Dungeon.
You were not hungry.

You visited 1 branch of the dungeon, and saw 8 of its levels.

You collected 322 gold pieces.

Inventory:

Hand Weapons
 o - a +0 blowgun
 t - a +2 dagger of speed (weapon)
Missiles
 p - 10 poisoned needles
Armour
 a - a +0 robe (worn)
 f - a +0 helmet (worn)
 g - a +1 cloak of poison resistance (worn)
Jewellery
 j - a ring of stealth (left hand)
Scrolls
 b - 5 scrolls of identify
 d - 5 scrolls of immolation
 h - a scroll of fog {unknown}
 n - a scroll of remove curse {unknown}
 q - 2 scrolls of amnesia {unknown}
 r - 2 scrolls of teleportation {unknown}
 s - a scroll of magic mapping {unknown}
Potions
 e - a potion of resistance {unknown}
 i - a potion of lignification {unknown}
 k - a potion of agility {unknown}
 l - a potion of haste {unknown}
 m - 2 potions of heal wounds {unknown}
 u - a potion of mutation {unknown}
 v - a potion of berserk rage {unknown}
 w - a potion of cancellation {unknown}
 x - a potion of invisibility {unknown}
Comestibles
 c - a ration


   Skills:
 - Level 2.3 Dodging
 - Level 1.7 Stealth
 + Level 4.4 Spellcasting
 - Level 2.2 Conjurations
 * Level 5.6 Summonings
 + Level 6.6 Ice Magic


You had 7 spell levels left.
You knew the following spells:

 Your Spells              Type           Power        Failure   Level  Hunger
a - Freeze                Ice            ####         1%          1    None
b - Throw Frost           Conj/Ice       ###...       3%          2    ##.....
c - Summon Ice Beast      Ice/Summ       ###.....     12%         4    ####...

Your spell library contained the following spells:

 Spells                   Type           Power        Failure   Level  Hunger
 Ozocubu's Armour         Chrm/Ice       ###.....     12%         3    ###....
 Throw Icicle             Conj/Ice       ###.....     24%         4    ####...


Dungeon Overview and Level Annotations

Branches:
Dungeon (8/15)
 Temple: D:4-7         Lair: D:8-11

Altars:
Qazlal


Innate Abilities, Weirdness & Mutations

Shadows flee at your approach. (+LOS)
You can swim through water.
You cover ground slowly.
You can hop short distances.


Message History

Aim: a gnoll (lightly wounded)
You freeze the gnoll!
You kill the gnoll!
The gnoll closely misses you.
Unknown command.
Casting: Freeze (safe; 1% risk of failure)
Confirm with . or Enter, or press ? or * to list all spells.
You can't see any susceptible monsters within range! (Use Z to cast anyway.)
The gnoll hits you with a +0 halberd!
* * * LOW HITPOINT WARNING * * *
Casting: Freeze (safe; 1% risk of failure)
Confirm with . or Enter, or press ? or * to list all spells.
Aiming: Freeze (safe; 1% risk of failure)
Press: ? - help, Shift-Dir - straight line, f - gnoll
Aim: a gnoll, wielding a +0 halberd You freeze the gnoll.
The gnoll is moderately wounded.
You are no longer glowing.
The gnoll hits you with a +0 halberd!
You die...

#####+##......#
#.........>...+
#.............#
#...........#.#
#...).......# #
#.......###.#
#.......# .#
#####'#####.#.###
#......Y@g.......
##########.....##
....'. .).## ..#
.# .. #


You could see a gnoll and a friendly ice beast.

Vanquished Creatures
  A water moccasin (D:6)
  A bullfrog (D:6)
  3 scorpions
  A centaur zombie (D:6)
  A bullfrog zombie (D:2)
  An orc priest (D:4)
  A hound (D:4)
  A worker ant (D:4)
  A gnoll (D:6)
  2 adders
  A worm (D:3)
  A dart slug (D:1)
  2 leopard geckos
  5 orcs (D:4)
  11 bats
  5 giant cockroaches
  7 goblins
  8 hobgoblins
  7 kobolds
  A quokka (D:2)
  2 ball pythons
  10 frilled lizards
  A giant cockroach zombie (D:5)
  A jackal skeleton (D:6)
  6 rats
81 creatures vanquished.

Vanquished Creatures (collateral kills)
  An ogre (D:7)
  2 crimson imps (D:7)
  A gnoll shaman (D:6)
  An orc wizard (D:4)
  2 gnolls (D:6)
  A leopard gecko (D:7)
  An orc (D:7)
  A quokka (D:6)
10 creatures vanquished.

Grand Total: 91 creatures vanquished

Notes
Turn   | Place    | Note
-------+----------+-------------------------------------------
     0 | D:1      | alja1234 the Barachi Ice Elementalist began the quest for
                  | the Orb.
     0 | D:1      | Reached XP level 1. HP: 13/13 MP: 3/3
   536 | D:1      | Reached skill level 4 in Ice Magic
   536 | D:1      | Reached XP level 2. HP: 11/19 MP: 0/5
   757 | D:1      | Learned a level 2 spell: Throw Frost
  1255 | D:1      | Reached XP level 3. HP: 14/24 MP: 0/6
  2502 | D:2      | You fall through a shaft!
  3017 | D:3      | Noticed a scorpion
  3846 | D:2      | Reached skill level 5 in Ice Magic
  3846 | D:2      | Reached XP level 4. HP: 21/30 MP: 2/8
  3938 | D:2      | Learned a level 4 spell: Summon Ice Beast
  4200 | D:3      | Reached XP level 5. HP: 22/35 MP: 1/9
  5066 | D:4      | Reached XP level 6. HP: 38/41 MP: 5/11
  5550 | D:4      | Reached skill level 6 in Ice Magic
  5838 | D:5      | Entered Level 5 of the Dungeon
  5885 | D:5      | You fall through a shaft for 2 floors!
  6095 | D:6      | Noticed a water elemental
  6095 | D:6      | Noticed an air elemental
  6098 | D:6      | Found a stormy altar of Qazlal.
  6100 | D:6      | Noticed a fire elemental
  6137 | D:6      | Noticed an ice beast
  6422 | D:7      | Reached XP level 7. HP: 36/46 MP: 9/13
  6680 | D:6      | Reached skill level 5 in Summonings
  6814 | D:6      | Slain by a gnoll

Skill      XL: |  1  2  3  4  5  6  7 |
---------------+----------------------+-----
Ice Magic      | 4 5 6 |  6.6
Conjurations   | 2 |  2.2
Spellcasting   | 3 4 |  4.4
Summonings     | 2 3 4 5 |  5.6
Dodging        | |  2.3
Stealth        | |  1.7

Action                   |  1- 3 |  4- 6 |  7- 9 || total
-------------------------+-------+-------+-------++-------
Melee: Unarmed           |    89 |    58 |       ||   147
       Dagger            |       |    48 |    39 ||    87
 Cast: Freeze            |    65 |    41 |     6 ||   112
       Throw Frost       |     3 |     5 |     1 ||     9
       Summon Ice Beast  |       |     5 |     3 ||     8
 Abil: Hop               |     2 |     3 |       ||     5
  Use: Potion            |     2 |     1 |       ||     3
       Scroll            |     1 |       |       ||     1
 Stab: Sleeping          |       |     5 |       ||     5
  Eat: Chunk             |     7 |     8 |     1 ||    16
       Ration            |     1 |     1 |       ||     2
Armor: Robe              |    54 |    57 |    13 ||   124
Dodge: Dodged            |   132 |    98 |    30 ||   260
